 Dungeon Crawl Stone Soup version 0.17.1-3-g152610e (webtiles) character file.

97 Keyn the Skirmisher (level 4, -9/37 HPs)
             Began as a Demonspawn Abyssal Knight on Apr 23, 2016.
             Was a Believer of Lugonu.
             Killed from afar by moxian's ghost (18 damage)
             ... with a stone arrow
             ... on level 3 of the Dungeon.
             The game lasted 00:06:59 (2056 turns).

Keyn the Skirmisher (Demonspawn Abyssal Knight)     Turns: 2056, Time: 00:06:59

Health: -9/37      AC:  6    Str: 13    XL:     4   Next: 42%
Magic:  6/6        EV: 11    Int: 13    God:    Lugonu [**....]
Gold:   92         SH:  0    Dex: 13    Spells: 0 memorised, 3 levels left

rFire  . . .     SeeInvis .     a - +1 spear
rCold  . . .     Clarity  .     b - +1 leather armour
rNeg   . . .     SustAt   .     (no shield)
rPois  .         Gourm    .     (no helmet)
rElec  .         Spirit   .     (no cloak)
rCorr  .         Warding  .     (no gloves)
rMut   .         Stasis   .     (no boots)
MR     .....                    (no amulet)
Stlth  +.........               (no ring)
                                (no ring)

@: not resistant to hostile enchantments, very unstealthy
A: thin metallic scales 1, powered by death 1
a: Depart the Abyss, Bend Space, Renounce Religion


You were on level 3 of the Dungeon.
You worshipped Lugonu.
Lugonu was pleased with you.
You were very full.

You visited 1 branch of the dungeon, and saw 3 of its levels.
You visited the Abyss 1 time.

You collected 92 gold pieces.

Inventory:

Hand Weapons
 a - a +1 spear (weapon)
 d - a +1 vampiric falchion
Missiles
 h - 2 needles of confusion
Armour
 b - a +1 leather armour (worn)
 e - a +0 scale mail
Jewellery
 i - a +5 ring of evasion {unknown}
Scrolls
 l - a scroll of teleportation
 o - a scroll of remove curse
Potions
 c - a potion of poison
 f - a potion of haste
Comestibles
 g - a slice of pizza


   Skills:
 + Level 3.9 Fighting
 + Level 2.2 Polearms
 + Level 2.4 Armour
 + Level 1.5 Dodging
 + Level 0.6 Stealth
 + Level 3.2 Invocations


You had 3 spell levels left.
You didn't know any spells.

Dungeon Overview and Level Annotations

Branches:
Dungeon (3/15)

Altars:

Annotations:
D:3 moxian's ghost, amateur DEEE


Innate Abilities, Weirdness & Mutations

You are partially covered in thin metallic scales (AC +2).
You regenerate a little health from kills.


Message History

There is a stone staircase leading up here.
You climb upwards.
There is a stone staircase leading down here.
You climb downwards.
Level annotation: moxian's ghost, amateur DEEE
There is a stone staircase leading up here.
You see here a tomahawk.
Found 16 arrows of flame.
You see here an opal ring.
i - an opal ring Moxian's ghost makes a sound of rattling chains.
Moxian's ghost gestures at you while chanting.
The stone arrow hits you!
Ouch! That really hurt!
You hit moxian's ghost but do no damage.
Moxian's ghost hits you.
* * * LOW HITPOINT WARNING * * *
Moxian's ghost gestures at you while chanting.
The stone arrow hits you!
You die...

###.( #.. #...# #
..#..######..####..##.#
......##.....#........
##.......###..........
#.........##..........
#........(.#..........
#.>.....##.<..........
..##......###...........
#......@.W####..........
###........###.......#..
#.........#.........#.
##.....#..#().......##
......##.)[..........
.#########[..)........ .
##.......... #.#.......#
#..........


You could see moxian's ghost.

Vanquished Creatures
  An orc wizard (D:3)
  3 adders (D:2)
  An ooze (D:1)
  4 orcs (D:3)
  2 giant cockroaches (D:2)
  6 goblins (D:1)
  5 hobgoblins
  4 jackals (D:2)
  2 bats (D:2)
  A giant gecko (D:2)
  3 giant newts
  5 kobolds
  10 rats
47 creatures vanquished.

Notes
Turn   | Place    | Note
--------------------------------------------------------------
     0 | Abyss:1  | Keyn the Demonspawn Abyssal Knight began the quest for the Orb.
     0 | Abyss:1  | Reached XP level 1. HP: 18/18 MP: 2/2
    44 | Abyss:1  | Noticed a tentacled starspawn
    52 | Abyss:1  | Noticed an anaconda skeleton
    57 | D:1      | Escaped the Abyss
   224 | D:1      | Reached * piety under Lugonu
   263 | D:1      | Gained mutation: You regenerate a little health from kills. [demonic ancestry]
   263 | D:1      | Reached XP level 2. HP: 18/24 MP: 4/4
   724 | D:1      | Gained mutation: Your magical capacity is low (-10% MP). [potion of mutation]
   724 | D:1      | Gained mutation: You can spit weak poison. [potion of mutation]
   751 | D:2      | Reached skill level 1 in Dodging
   848 | D:2      | Gained mutation: You are partially covered in thin metallic scales (AC +2). [demonic ancestry]
   848 | D:2      | Reached XP level 3. HP: 2/29 MP: 4/4
  1794 | D:2      | Reached ** piety under Lugonu
  1809 | D:2      | Lost mutation: You can spit weak poison. [potion of cure mutation]
  1809 | D:2      | Lost mutation: Your magical capacity is low (-10% MP). [potion of cure mutation]
  1850 | D:3      | Reached XP level 4. HP: 37/37 MP: 6/6
  1888 | D:3      | Noticed moxian's ghost (amateur DEEE)
  2056 | D:3      | Killed from afar by moxian's ghost

Action                   |  1- 3 |  4- 6 || total
-------------------------+-------+-------++-------
Melee: Spear             |   142 |    27 ||   169
Invok: Depart the Abyss  |     1 |       ||     1
  Use: Scroll            |     6 |       ||     6
       Potion            |     6 |       ||     6
 Stab: Sleeping          |     1 |       ||     1
  Eat: Meat ration       |     1 |       ||     1
       Bread ration      |     1 |       ||     1
       Beef jerky        |     1 |       ||     1
